 Dungeon Crawl Stone Soup version 0.27.1-1-g398f81649c (webtiles) character file.

Game seed: 12231164134361393199

858 pkoi the Grappler (level 7, 0/67 HPs)
             Began as a Troll Monk on Sept 14, 2021.
             Was a High Priest of Dithmenos.
             Slain by a gnoll (12 damage)
             ... on level 5 of the Dungeon.
             The game lasted 00:05:30 (3261 turns).

pkoi the Grappler (Troll Monk)                      Turns: 3261, Time: 00:05:30

Health: 0/67       AC:  5    Str: 22    XL:     7   Next: 71%
Magic:  6/6        EV: 10    Int:  6    God:    Dithmenos [*****.]
Gold:   292        SH:  0    Dex: 12    Spells: 6/6 levels left

rFire    . . .     SeeInvis .     - Unarmed
rCold    . . .     Faith    .   (no shield)
rNeg     . . .     Spirit   .   a - +0 robe
rPois    +         Reflect  .   (helmet restricted)
rElec    .         Harm     .   c - +0 cloak
rCorr    .         Rampage  .   (gloves unavailable)
Will     .....                  (boots unavailable)
Stlth    ++........             (no amulet)
HPRegen  1.21/turn              e - ring of poison resistance
MPRegen  0.10/turn              (no ring)

@: wreathed by umbra
A: large, unfitting armour, claws 3, regeneration 1, shaggy fur 1, tough skin 1
a: Renounce Religion, Shadow Step, Shadow Form


You were on level 5 of the Dungeon.
You worshipped Dithmenos.
Dithmenos was extremely pleased with you.
You visited 1 branch of the dungeon, and saw 5 of its levels.

You collected 292 gold pieces.

Inventory:

Missiles
 m - 4 poisoned darts (quivered)
 r - 6 boomerangs
Armour
 a - a +0 robe (worn)
 c - a +0 cloak (worn)
Jewellery
 e - a ring of poison resistance (left claw)
Wands
 j - a wand of flame (19)
Potions
 f - 2 potions of brilliance {unknown}
 g - 3 potions of might
 h - a potion of heal wounds
 i - 3 potions of mutation {unknown}
 o - a potion of lignification
 p - a potion of cancellation
 q - 3 potions of curing


   Skills:
 + Level 3.0 Fighting
 + Level 3.0 Dodging
 - Level 1.0 Stealth
 * Level 8.8 Unarmed Combat


You had 6 spell levels left.
You didn't know any spells.
Your spell library was empty.

Dungeon Overview and Level Annotations

Branches:
Dungeon (5/15)
 Temple: D:4-7

Altars:
Cheibriados
Dithmenos
Qazlal


Innate Abilities, Weirdness & Mutations

You are too large for most types of armour.
You have claws for hands.
Your natural rate of healing is unusually fast.
You are covered in fur. (AC +1)
You have tough skin. (AC +1)


Message History

Your Dodging skill increases to level 3!
You see here a +0 club.
A gnoll comes into view. It is wielding a +0 vampiric spear.
The gnoll hits you but does no damage.
The gnoll hits you from afar with a +0 halberd!
You scratch the gnoll.
The gnoll is heavily wounded.
The gnoll hits you but does no damage.
The gnoll hits you from afar with a +0 halberd!
You scratch the gnoll.
The gnoll is heavily wounded.
Your shadow hits the gnoll but does no damage.
The gnoll hits you with a +0 spear.
The gnoll hits you from afar with a +0 halberd.
* * * LOW HITPOINT WARNING * * *
You scratch the gnoll but do no damage.
The gnoll is heavily wounded.
The gnoll hits you but does no damage.
The gnoll hits you from afar with a +0 halberd.
* * * LOW HITPOINT WARNING * * *
You mangle the gnoll!!
You kill the gnoll!
Dithmenos accepts your kill.
You can now transform into a swirling mass of shadows.
The gnoll hits you with a +0 halberd!
* * * LOW HITPOINT WARNING * * *
The gnoll hits you but does no damage.
Things that are here:
a +0 spear; 6 gold pieces You closely miss the gnoll.
The gnoll hits you with a +0 halberd!
* * * LOW HITPOINT WARNING * * *
The gnoll hits you from afar with a +0 vampiric spear.
* * * LOW HITPOINT WARNING * * *
Unknown command.
The gnoll hits you from afar with a +0 halberd.
* * * LOW HITPOINT WARNING * * *
You aren't carrying any scrolls.
There is an open gate here.
The gnoll hits you from afar with a +0 halberd!
You die...

.....>..# #≈§§#.....#
#...... ........#
#≈)§#.....### #......
........##
#≈§§####....###......
#######..# #≈§≈#
##.#)......... ##.#
#§§§# ##.#..#...#.##
#.##
#§g§####....####....#
#..# #§§g##....###
###..# ##.###'''#..##.#
*#.. #.......@####.#
*##
#########..#####.####.#
..........## #......#
########### ##....##
#....# #....# #....#
#....# #....#


You could see 2 gnolls.

Vanquished Creatures
  A water moccasin (D:5)
  3 scorpions
  A water moccasin zombie (D:4)
  3 hounds
  A gnoll shaman (D:5)
  Jessica (D:3)
  Natasha (thrice) (D:3)
  A scorpion zombie (D:5)
  Robin (D:3)
  9 gnolls
  5 adders
  An ufetubus (D:4)
  2 adder skeletons (D:4)
  A worm (D:2)
  3 dart slugs
  5 orcs
  6 bats
  4 endoplasms
  3 giant cockroaches
  18 goblins
  10 hobgoblins
  8 jackals
  13 kobolds
  4 quokkas
  9 ball pythons
  2 frilled lizards
  4 rats
122 creatures vanquished.

Notes
Turn   | Place    | Note
-------+----------+-------------------------------------------
     0 | D:1      | pkoi the Troll Monk began the quest for the Orb.
     0 | D:1      | Reached XP level 1. HP: 22/22 MP: 0/0
    54 | D:1      | Reached XP level 2. HP: 27/29 MP: 1/1
   135 | D:1      | Found a faded altar of an unknown god.
   140 | D:1      | Reached skill level 4 in Unarmed Combat
   171 | D:1      | Became a worshipper of Dithmenos the Shadowed
   171 | D:1      | Reached * piety under Dithmenos
   171 | D:1      | Reached ** piety under Dithmenos
   339 | D:1      | Reached XP level 3. HP: 28/36 MP: 2/2
   346 | D:1      | Reached *** piety under Dithmenos
   939 | D:2      | Found a snail-covered altar of Cheibriados.
  1358 | D:2      | Reached XP level 4. HP: 44/44 MP: 3/3
  1363 | D:2      | Reached skill level 5 in Unarmed Combat
  1420 | D:3      | Noticed Natasha
  1423 | D:3      | Killed Natasha
  1577 | D:3      | Noticed Natasha
  1583 | D:3      | Killed Natasha
  1586 | D:3      | Reached XP level 5. HP: 50/50 MP: 4/4
  1600 | D:3      | Noticed Robin
  1605 | D:3      | Killed Robin
  1630 | D:3      | Reached skill level 6 in Unarmed Combat
  1640 | D:3      | Reached **** piety under Dithmenos
  1862 | D:3      | Noticed Jessica
  1868 | D:3      | Killed Jessica
  2070 | D:3      | Found a stormy altar of Qazlal.
  2122 | D:3      | Noticed Natasha
  2131 | D:3      | Killed Natasha
  2132 | D:3      | Reached XP level 6. HP: 53/59 MP: 5/5
  2166 | D:4      | Identified the +6 whip "Pud Yff" {holy, Contam rCorr SInv}
  2181 | D:4      | Reached skill level 7 in Unarmed Combat
  2651 | D:5      | Entered Level 5 of the Dungeon
  2687 | D:5      | Noticed a water moccasin
  2699 | D:5      | Killed a water moccasin
  2700 | D:5      | Reached skill level 8 in Unarmed Combat
  2700 | D:5      | Reached XP level 7. HP: 40/66 MP: 6/6
  3253 | D:5      | Reached ***** piety under Dithmenos
  3261 | D:5      | Slain by a gnoll

Illustrated notes

Levels and vault maps discovered:
D:1:      psy_arrival_dodecagon, layout_basic,
          hellmonk_ecumenical_altar_pennies_from_heaven, st_stairs_1,
          minmay_tall_x
D:2:      layout_basic, basic_altar, minmay_misc_feat_alley
D:3:      layout_loops_cross, mainiacjoe_overflow_alcove_2, uniq_robin,
          uniq_jessica, uniq_natasha
D:4:      layout_cave_pools, minmay_temple_entry_from_below_a
D:5:      layout_rooms, kennysheep_cross_bottleneck

Skill      XL: |  1  2  3  4  5  6  7 |
---------------+----------------------+-----
Unarmed Combat | 4 5 6 8 |  8.8
Fighting       | 3 |  3.0
Dodging        | 3 |  3.0
Stealth        | |  1.0

Action                   |  1- 3 |  4- 6 |  7- 9 || total
-------------------------+-------+-------+-------++-------
Melee: Unarmed           |    97 |   157 |    53 ||   307
       Punch             |     1 |     2 |       ||     3
  Use: Scroll            |       |     9 |     1 ||    10
 Stab: Sleeping          |     4 |     3 |       ||     7
Armor: Robe              |    21 |    41 |    18 ||    80
Dodge: Dodged            |    45 |    91 |    28 ||   164
